 Dungeon Crawl Stone Soup version 0.30-a0-715-gdb4ae3ece1 (webtiles) character file.

Game seed: 15946130016296380908

1866032 Rrauwl the Wrestler (level 27, 291/291 HPs)
             Began as a Troll Monk on Jan 22, 2023.
             Was a High Priest of Okawaru.
             Escaped with the Orb
             ... and 3 runes on Jan 23, 2023!
             The game lasted 04:24:02 (57197 turns).

Rrauwl the Wrestler (Troll Monk)                   Turns: 57197, Time: 04:24:02

Health: 291/291    AC: 32    Str: 41    XL:     27
Magic:  30/30      EV: 16    Int: 12    God:    Okawaru [*****.]
Gold:   6954       SH: 21    Dex: 16    Spells: 12/26 levels left

rFire   + + .      SeeInvis +      - Unarmed
rCold   + + +      Faith    .    V - +5 kite shield {reflect}
rNeg    . . .      Spirit   .    Q - +6 gold dragon scales of Parlour Games {rElec rPois rF+ rC+ Str+4 Dex+2 Stlth+}
rPois   +          Reflect  +    G - +2 hat {Will+}
rElec   +          Harm     .    r - +2 cloak
rCorr   +          Rampage  .    (gloves unavailable)
Will    ++++.                    (boots unavailable) Stlth
                                 p - amulet of Timmirey {RegenMP Will+ Regen+ Int+2 Dex-4}
HPRegen 2.28/turn                c - ring of the King {rElec rPois rC+ EV+5 Stlth-}
MPRegen 0.62/turn                W - ring of Lust {+Blink rElec Int+4 Dex+6 SInv}

@: resistant, hasted, studying Short Blades, invisible (expiring), very quick
A: large, unfitting armour, claws 3, regeneration 1, shaggy fur 1, tough skin 1,
iridescent scales 1, deformed body
0: Orb of Zot
}: 3/15 runes: serpentine, barnacled, silver
a: Renounce Religion, Evoke Blink, Heroism, Finesse, Duel


You escaped.
You worshipped Okawaru.
Okawaru was extremely pleased with you.
You visited 12 branches of the dungeon, and saw 54 of its levels.
You visited the Abyss 2 times.

You collected 9851 gold pieces.
You spent 2897 gold pieces at shops.

Inventory:

Hand Weapons
 a - a +7 vampiric demon whip
Missiles
 d - 102 large rocks (quivered)
 D - 6 throwing nets
 H - 25 silver javelins
Armour
 r - a +2 cloak (worn)
 G - a +2 hat of willpower (worn)
 Q - the +6 gold dragon scales of Parlour Games (worn) {rElec rPois rF+ rC+ Str+4 Dex+2 Stlth+}
   (You acquired it on level 4 of the Lair of Beasts)

   Str:       It affects your strength (+4).
   Dex:       It affects your dexterity (+2).
   rF:        It protects you from fire.
   rC:        It protects you from cold.
   rElec:     It insulates you from electricity.
   rPois:     It protects you from poison.
   Stlth:     It makes you more stealthy.
 V - a +5 kite shield of reflection (worn)
Jewellery
 c - the ring of the King (left claw) {rElec rPois rC+ EV+5 Stlth-}
   (You bought it in a shop on level 2 of the Orcish Mines)

   [ring of evasion]

   EV:        It affects your evasion (+5).
   rC:        It protects you from cold.
   rElec:     It insulates you from electricity.
   rPois:     It protects you from poison.
   Stlth:     It makes you less stealthy.
 f - the ring of Tubbida {rPois rN++ Int+6 Dex+4 Stlth-}
   (You found it on level 3 of the Elven Halls)

   [ring of intelligence]

   Int:       It affects your intelligence (+6).
   Dex:       It affects your dexterity (+4).
   rPois:     It protects you from poison.
   rN:        It greatly protects you from negative energy.
   Stlth:     It makes you less stealthy.
 g - the ring "Niggunto" {+Blink rPois rF++ rCorr Int-4}
   (You acquired it on level 1 of the Shoals)

   [ring of resist corrosion]

   Int:       It affects your intelligence (-4).
   rF:        It greatly protects you from fire.
   rPois:     It protects you from poison.
   +Blink:    It lets you blink.
   rCorr:     It protects you from acid and corrosion.
 h - a ring of willpower
 i - a ring of positive energy
 p - the amulet of Timmirey (around neck) {RegenMP Will+ Regen+ Int+2 Dex-4}
   (You acquired it on level 3 of the Vaults)

   [amulet of magic regeneration]

   It increases your rate of magic regeneration.
   Int:       It affects your intelligence (+2).
   Dex:       It affects your dexterity (-4).
   Regen:     It increases your rate of health regeneration.
   Will:      It increases your willpower.
 z - a ring of flight
 W - the ring of Lust (right claw) {+Blink rElec Int+4 Dex+6 SInv}
   (You found it on level 3 of the Elven Halls)

   [ring of dexterity]

   Int:       It affects your intelligence (+4).
   Dex:       It affects your dexterity (+6).
   rElec:     It insulates you from electricity.
   SInv:      It lets you see invisible.
   +Blink:    It lets you blink.
 Y - the ring "Yruetz" {Wiz rC+ rCorr}
   (You took it off a merfolk on level 4 of the Shoals)

   [ring of wizardry]

   It improves your spell success rate.
   rC:        It protects you from cold.
   rCorr:     It protects you from acid and corrosion.
Wands
 n - a wand of iceblast (13)
 w - a wand of quicksilver (18)
 y - a wand of flame (27)
 J - a wand of mindburst (24)
 R - a wand of paralysis (41)
 S - a wand of polymorph (28)
Scrolls
 b - 10 scrolls of magic mapping
 k - 12 scrolls of fog
 o - 7 scrolls of teleportation
 s - 2 scrolls of amnesia
 v - 5 scrolls of poison
 C - 3 scrolls of blinking
 K - 6 scrolls of enchant armour
 P - 3 scrolls of fear
 X - a scroll of silence
Potions
 e - 6 potions of attraction
 j - a potion of haste
 q - 13 potions of curing
 t - 2 potions of resistance
 x - 2 potions of cancellation
 A - 9 potions of ambrosia
 F - 4 potions of mutation
 I - 2 potions of might
 N - 11 potions of lignification
 U - a potion of berserk rage
Miscellaneous
 l - a lightning rod (4/4)
 m - a piece from Xom's chessboard (15/15)
 L - a phial of floods
 O - a tin of tremorstones (2/2)
 T - a condenser vane


   Skills:
 - Level 20.0 Fighting
 - Level 12.0 Maces & Flails
 - Level 8.0 Throwing
 - Level 20.0 Armour
 - Level 13.0 Dodging
 - Level 1.0 Stealth
 - Level 20.0 Shields
 - Level 23.0 Unarmed Combat
 + Level 10.9 Invocations
 - Level 6.0 Evocations


You had 12 spell levels left.
You knew the following spells:

 Your Spells              Type           Power      Damage    Failure   Level
a - Passwall              Tmut/Erth      0%         N/A       98%         2
b - Wereblood             Tmut           0%         N/A       98%         2
c - Passage of Golubria   Tloc           0%         N/A       100%        4
d - Lee's Rapid Deconstr  Erth           0%         3d4*      100%        5
e - Apportation           Tloc           0%         N/A       94%         1

Your spell library contained the following spells:

 Spells                   Type           Power      Damage    Failure   Level
 Beastly Appendage        Tmut           0%         N/A       94%         1
 Foxfire                  Conj/Fire      0%         2x1d4     94%         1
 Magic Dart               Conj           0%         1d3       94%         1
 Necrotise                Necr           0%         1d4       94%         1
 Sandblast                Erth           0%         2d4       94%         1
 Cigotuvi's Dreadful Rot  Necr/Pois/Air  0%         N/A       98%         2
 Scorch                   Fire           0%         2d5       98%         2
 Searing Ray              Conj           0%         2d4       98%         2
 Static Discharge         Conj/Air       0%         2-2/arc   98%         2
 Sublimation of Blood     Necr           0%         N/A       98%         2
 Dazzling Flash           Conj/Hex       0%         N/A       100%        3
 Gell's Gravitas          Tloc           0%         N/A       100%        3
 Ignite Poison            Fire/Tmut/Pois 0%         N/A       100%        3
 Inner Flame              Hex/Fire       0%         N/A       100%        3
 Kindle Blastsparks       Fire/Tloc/Air  0%         2d10      100%        3
 Mephitic Cloud           Conj/Pois/Air  0%         N/A       100%        3
 Ozocubu's Armour         Ice            0%         N/A       100%        3
 Spider Form              Tmut/Pois      0%         N/A       100%        3
 Stone Arrow              Conj/Erth      0%         3d7       100%        3
 Teleport Other           Tloc           0%         N/A       100%        3
 Vampiric Draining        Necr           0%         2d6       100%        3
 Vhi's Electric Charge    Tloc/Air       0%         N/A       100%        3
 Airstrike                Air            0%         2d(0-16)  100%        4
 Anguish                  Hex/Necr       0%         N/A       100%        4
 Cause Fear               Hex            0%         N/A       100%        4
 Dispel Undead            Necr           0%         3d6       100%        4
 Flame Wave               Conj/Fire      0%         2d4       100%        4
 Fulminant Prism          Conj/Hex       0%         3d5       100%        4
 Olgreb's Toxic Radiance  Pois           0%         N/A       100%        4
 Petrify                  Tmut/Erth      0%         N/A       100%        4
 Sticky Flame             Conj/Fire      0%         2d3       100%        4
 Agony                    Necr           0%         N/A       100%        5
 Alistair's Intoxication  Tmut/Pois      0%         N/A       100%        5
 Arcjolt                  Conj/Air       0%         1d10      100%        5
 Borgnjor's Vile Clutch   Necr/Erth      0%         N/A       100%        5
 Fireball                 Conj/Fire      0%         3d3       100%        5
 Freezing Cloud           Conj/Ice/Air   0%         6-21      100%        5
 Irradiate                Conj/Tmut      0%         3d11      100%        5
 Lightning Bolt           Conj/Air       0%         1d11      100%        5
 Silence                  Hex/Air        0%         N/A       100%        5
 Yara's Violent Unravell  Hex/Tmut       0%         3d3       100%        5
 Dispersal                Tloc           0%         N/A       100%        6
 Starburst                Conj/Fire      0%         6d3       100%        6
 Dragon Form              Tmut           0%         N/A       100%        7
 Enfeeble                 Hex            0%         N/A       100%        7
 Ozocubu's Refrigeration  Ice            0%         4d7       100%        7
 Borgnjor's Revivificati  Necr           0%         N/A       100%        8
 Ignition                 Fire           0%         3d3       100%        8
 Lehudib's Crystal Spear  Conj/Erth      0%         10d2      100%        8
 Maxwell's Capacitive Co  Air            0%         ∞         100%        8
 Necromutation            Tmut/Necr      0%         N/A       100%        8
 Death's Door             Necr           0%         N/A       100%        9
 Fire Storm               Conj/Fire      0%         5d1       100%        9
 Polar Vortex             Ice            0%         N/A       100%        9
 Call Imp                 Summ           Unusable   N/A       N/A         2
 Tukima's Dance           Hex            Unusable   N/A       N/A         3
 Animate Dead             Necr           Unusable   N/A       N/A         4
 Summon Lightning Spire   Summ/Air       Unusable   N/A       N/A         4
 Death Channel            Necr           Unusable   N/A       N/A         6
 Simulacrum               Ice/Necr       Unusable   N/A       N/A         6
 Summon Cactus Giant      Summ           Unusable   N/A       N/A         6
 Summon Hydra             Summ           Unusable   N/A       N/A         7
 Dragon's Call            Summ           Unusable   N/A       N/A         9

Dungeon Overview and Level Annotations

Branches:
Dungeon (15/15)            Temple (1/1) D:7            Lair (5/5) D:10
 Shoals (4/4) Lair:2        Snake (4/4) Lair:3        Slime (4/5) Lair:4
    Orc (2/2) D:11            Elf (3/3) Orc:2        Vaults (5/5) D:14
  Crypt (2/3) Vaults:2     Depths (4/4) D:15            Zot (5/5) Depths:4

Altars:
Ashenzari
Cheibriados
Dithmenos
Elyvilon
Fedhas
Gozag
Hepliaklqana
Kikubaaqudgha
Makhleb
Nemelex Xobeh
Okawaru
Qazlal
Ru
Sif Muna
Trog
Uskayaw
Vehumet
Wu Jian
Xom
Yredelemnul
Zin
The Shining One
Jiyva

Shops:
D:12 (   D:14 (   Orc:2 =[[[   Elf:3 *   Shoals:1 ?   Shoals:3 [   Shoals:4 [
Vaults:1 !   Vaults:2 ?   Vaults:3 ?   Depths:1 (

Portals:
Hell: Depths:1 Depths:2 Depths:3 Depths:4
Abyss: Depths:3
Pandemonium: Depths:2 Depths:3
Ziggurat: Depths:4
Trove: Vaults:2 (give 6 scrolls of fear)

Annotations:
Depths:3 3 runed translucent doors
Depths:4 Boris


Innate Abilities, Weirdness & Mutations

You are too large for most types of armour.
You have claws for hands.
Your natural rate of healing is unusually fast.
You are covered in fur. (AC +1)
You have tough skin. (AC +1)
You are partially covered in iridescent scales. (AC +2)
Armour fits poorly on your strangely shaped body.


Message History

The Executioner misses you. x2; The Executioner hits you.
The Executioner hits you but does no damage. x2
You climb upwards.
There is a stone staircase leading down here.
You mangle the Executioner!!
The Executioner is moderately wounded.
The Executioner hits you but does no damage.
You block the Executioner's attack. x2
You claw the Executioner!
The Executioner is heavily wounded.
You block the Executioner's attack. x3; The Executioner closely misses you.
You block the Executioner's attack. The Executioner barely misses you.
You mangle the Executioner!!
The Executioner is almost dead.
The Executioner hits you! You block the Executioner's attack.
The Executioner misses you. The Executioner hits you!
You block the Executioner's attack. The Executioner hits you.
You claw the Executioner!
You kill the Executioner!
Okawaru accepts your kill.
(D) Dungeon (T) Temple (L) Lair (A) Shoals (P) Snake Pit (M) Slime Pits (O) Orcish Mines (E) Elven Halls (V) Vaults (C) Crypt (U) Depths (H) Hell (Z) Zot
Where to? (Enter - D:1 @ (x,y), ? - help)
Okay, then.
(D) Dungeon (T) Temple (L) Lair (A) Shoals (P) Snake Pit (M) Slime Pits (O) Orcish Mines (E) Elven Halls (V) Vaults (C) Crypt (U) Depths (H) Hell (Z) Zot
Where to? (Enter - D:1 @ (x,y), ? - help)
Okay, then.
You feel yourself speed up.
You feel protected.
You fade into invisibility!
There is a fountain of clear blue water here.
There is an open door here.
You flicker for a moment.
There is a staircase leading out of the dungeon here.
You have escaped!

#.##.######..# ##########.#.[#..
#.........#..#############.#..#.#
#####.###.#..............#.#....#
####..#.....#######..###.#.#.#..#
........#.#### ##..##.#.#.##.#
#.....###....#######..##...#.##.#
.....#######.##...##..##...#.##..
#.†........#.##...##..##.###.....
#..........#.##.@.##..##.........
'............##...##..###.###....
##.........####...##..# #.# ####.
##.........## ##'###..###.# #.
##..........####.###....#.# #.
##...................⌠....# #.
##.........##...........### ##.
##################.###### #..
####'#### #..


There were no monsters in sight!

Vanquished Creatures
  3 dread liches
  3 orbs of fire (Zot:5)
  Mara (Elf:3)
  Vv (Crypt:2)
  Sojobo (Vaults:5)
  Josephina (Crypt:2)
  Boris (thrice) (Crypt:2 Vaults:4 Depths:2)
  Margery (Vaults:4)
  3 Killer Klowns (Zot:5)
  Vashnia (Snake:2)
  Xtahua (Vaults:4)
  Bai Suzhen (Vaults:2)
  3 caustic shrikes (Depths:4)
  3 curse toes
  8 golden dragons
  3 bone dragons
  the Enchantress (Depths:2)
  A Tzitzimitl (D:13)
  2 Brimstone Fiends
  An electric golem (Zot:2)
  The ghost of Syrassil the Slayer, an adept OgFi of Jiyva (Snake:1)
  19 tentacled monstrosities
  6 titans
  3 liches
  A walking divine tome (Depths:3)
  5 acid blobs
  24 Orb Guardians
  12 quicksilver dragons
  5 ancient champions
  A walking frostbound tome (Depths:3)
  2 deep elf master archers (Elf:3)
  3 Executioners
  2 krakens
  7 tentacled starspawn (Abyss:2)
  5 sphinxes
  Donald (Shoals:3)
  The ghost of Dasi the Gelid, an adept SpEn of Vehumet (Vaults:4)
  6 death cobs
  Gastronok (Lair:1)
  10 shadow dragons
  Kirke (D:15)
  7 tengu reavers
  10 storm dragons
  3 revenants (Crypt:2)
  A nagaraja (Snake:4)
  5 draconian monks
  7 azure jellies
  6 rockslimes
  9 fire giants
  5 draconian knights
  10 frost giants
  3 draconian scorchers
  11 deep elf sorcerers
  A draconian shifter (Zot:4)
  Louise (Snake:4)
  2 ghost moths
  Aizul (Snake:4)
  A curse skull (Crypt:2)
  4 deep elf elementalists (Elf:3)
  24 vault wardens
  22 ironbound preservers
  2 draconian stormcallers
  3 orc warlords
  6 ghouls
  6 draconian annihilators
  4 quicksilver oozes
  A caustic shrike skeleton (Crypt:2)
  3 spriggan defenders (Depths:2)
  2 juggernaut skeletons (Crypt:2)
  7 ironbound thunderhulks
  3 vampire knights
  26 very ugly things
  10 green draconians
  14 stone giants
  A dire elephant (Vaults:2)
  8 deep elf demonologists
  A rockslime zombie (Crypt:2)
  9 red draconians
  3 minotaurs
  8 deep elf annihilators
  15 black draconians
  8 yellow draconians
  10 purple draconians
  13 spark wasps
  7 white draconians
  A green death (Depths:1)
  4 eidola
  9 deep elf death magi
  Snorg (Lair:3)
  2 jiangshi (Crypt:1)
  A blizzard demon (Depths:2)
  5 merfolk javelineers
  11 fire dragons
  2 entropy weavers (shapeshifter) (Elf:1)
  21 yaktaur captains
  8 merfolk impalers
  11 deep elf high priests
  3 entropy weavers
  8 great orbs of eyes
  13 ettins
  A pearl dragon skeleton (Crypt:2)
  A spriggan zombie (Crypt:1)
  2 salamander tyrants (Snake:4)
  6 rakshasas
  34 vault guards
  2 quicksilver dragon skeletons (Crypt:2)
  The ghost of Oxelix the Thaumaturge, a journeyman DjFE of Ashenzari (D:10)
  9 ironbound frosthearts
  An alligator snapping turtle (Shoals:4)
  5 spriggan air magi
  3 hydras
  5 merfolk aquamancers
  A peacekeeper (Vaults:1)
  8 ice dragons
  2 ogre magi (Vaults:5)
  2 hell beasts (Depths:2)
  A fenstrider witch skeleton (Crypt:2)
  3 catoblepae
  3 merfolk avatars
  25 centaur warriors
  A death knight (Crypt:1)
  9 anacondas
  2 boulder beetles (D:14)
  31 dancing weapons
  6 deep troll shamans
  9 two-headed ogres
  A vampire mage (Crypt:1)
  16 naga warriors
  2 deep troll earth magi (Depths:3)
  5 orc high priests (Orc:2)
  4 hell hogs (Abyss:2)
  10 shock serpents
  7 spriggan berserkers
  9 tengu warriors
  15 naga sharpshooters
  9 hell knights
  Amaemon (Lair:3)
  Urug (Lair:2)
  Nergalle (D:11)
  3 wretched stars (Abyss:2)
  2 soul eaters
  A storm dragon skeleton (Crypt:2)
  12 deep elf knights
  31 skeletal warriors
  6 salamander mystics
  A sixfirhy (Abyss:2)
  6 iron trolls
  2 glowing orange brains (Depths:3)
  17 sea snakes
  A spectral wolf spider (D:10)
  7 flayed ghosts
  4 naga ritualists
  55 deep trolls
  An obsidian statue (Snake:1)
  15 deep elf archers
  7 phantasmal warriors
  12 wizards
  17 orc knights
  19 lindwurms
  25 deep elf zephyrmancers
  A bunyip skeleton (Abyss:2)
  4 necromancers
  24 ironbound convokers
  A mana viper (shapeshifter) (Vaults:4)
  A fenstrider witch simulacrum (Crypt:2)
  A lindwurm (shapeshifter) (Vaults:5)
  A broodmother zombie (Crypt:2)
  34 deep elf pyromancers
  18 harpies
  2 oklob plants
  An orc sorcerer (Orc:2)
  24 ugly things
  9 mana vipers
  15 manticores
  10 cyclopes
  An apis skeleton (Crypt:2)
  A faun (shapeshifter) (Depths:3)
  A worldbinder (Abyss:2)
  2 shining eyes (Slime:1)
  6 large abominations (Abyss:2)
  12 salamanders
  6 fauns
  30 black mambas
  A water nymph (shapeshifter) (Depths:1)
  7 elephants
  2 spectral centaurs (D:10)
  An apocalypse crab (Abyss:2)
  8 merfolk sirens
  8 guardian serpents
  23 moths of wrath
  13 naga magi
  11 cane toads
  17 vault sentinels
  2 smoke demons (Abyss:2)
  6 water nymphs
  An eye of devastation (Slime:3)
  An orange demon (Lair:3)
  3 gargoyles
  A dire elephant skeleton (Crypt:2)
  A rime drake (shapeshifter) (D:14)
  An alligator snapping turtle zombie (Crypt:1)
  An unseen horror (shapeshifter) (D:12)
  An unseen horror (D:12)
  2 kobold demonologists
  A komodo dragon (shapeshifter) (D:14)
  6 freezing wraiths
  8 komodo dragons
  46 yaktaurs
  An iron troll zombie (Crypt:1)
  2 rime drakes
  5 tengu conjurers
  2 efreet
  7 polar bears
  A polar bear (shapeshifter) (Abyss:2)
  An ancient zyme (Abyss:2)
  23 merfolk
  4 trolls
  A wolf spider simulacrum (D:14)
  10 raiju (Abyss:2)
  9 hornets
  A hydra skeleton (Crypt:2)
  2 raiju (shapeshifter)
  8 blink frogs
  10 wind drakes
  6 snapping turtles
  7 dream sheep
  2 guardian serpent skeletons
  2 centaur simulacra
  A black mamba zombie (Crypt:2)
  Sigmund (D:5)
  A shadow (Abyss:2)
  26 water elementals
  12 flying skulls
  2 air elementals (Elf:1)
  3 wraiths
  44 slime creatures
  16 spriggans
  6 wyverns
  A dire elephant simulacrum (Crypt:2)
  A culicivora (D:14)
  A black mamba skeleton (Crypt:1)
  6 basilisks
  A chaos spawn (Abyss:2)
  26 yaks
  4 fire elementals
  2 redbacks (D:14)
  6 hogs (D:15)
  A steam dragon (D:8)
  13 vampire mosquitoes
  45 nagas
  13 wargs
  2 acid dragons
  A hydra simulacrum (Crypt:2)
  5 small abominations (Abyss:2)
  9 water moccasins
  An entropy weaver zombie (Crypt:1)
  2 floating eyes (Depths:3)
  4 sky beasts
  An ice beast (D:5)
  A blink frog zombie (Crypt:1)
  54 orc warriors
  8 black bears
  8 boggarts
  11 centaurs
  A manticore zombie (Crypt:2)
  6 ogres
  28 wolves
  A blink frog skeleton (Crypt:1)
  A phantom (D:5)
  A kobold brigand (D:6)
  9 bullfrogs
  2 necrophages
  2 naga simulacra (Crypt:2)
  7 earth elementals
  4 scorpions
  3 wights (D:9)
  7 killer bees
  A troll zombie (Crypt:1)
  A troll skeleton (Crypt:2)
  3 electric eels (D:15)
  8 howler monkeys
  4 lava snakes (Lair:3)
  8 hounds
  2 jellies
  5 gnoll boudas
  42 orc priests
  9 starcursed masses
  Crazy Yiuf (D:2)
  4 iguanas
  29 orc wizards
  2 hell rats (Lair:5)
  An ogre skeleton (Crypt:1)
  A hound zombie (Crypt:2)
  A hound skeleton (Crypt:2)
  17 gnolls
  8 river rats (Lair:5)
  4 adders
  2 white imps
  2 ufetubi
  2 worm zombies
  10 dart slugs
  109 orcs
  5 endoplasms
  6 giant cockroaches
  10 hobgoblins
  12 jackals
  4 quokkas
  3 training dummies (Depths:1)
  5 ball pythons
  6 bats
  2 frilled lizards
  6 goblins
  12 kobolds
  A kobold skeleton (Crypt:1)
  4 rats
  A lurking horror (Abyss:2)
  2 starspawn tentacles (Abyss:2)
  5 tentacles (Shoals:3)
2311 creatures vanquished.

Vanquished Creatures (others)
  A draconian knight (Depths:4)
  A stone giant (Vaults:5)
  A merfolk aquamancer (Shoals:3)
  A satyr (Shoals:3)
  A deep elf knight (Elf:2)
  A deep elf pyromancer (Elf:2)
  A naga mage (Snake:4)
  An orc (Orc:2)
  10 fungi
  142 plants
  13 starspawn tentacles (Abyss:2)
  8 tentacles
181 creatures vanquished.

Grand Total: 2492 creatures vanquished

Notes
Turn   | Place    | Note
-------+----------+-------------------------------------------
     0 | D:1      | Rrauwl the Troll Monk began the quest for the Orb.
     0 | D:1      | Reached XP level 1. HP: 22/22 MP: 0/0
   173 | D:1      | Found a faded altar of an unknown god.
   233 | D:1      | Reached XP level 2. HP: 26/29 MP: 1/1
   725 | D:1      | Reached XP level 3. HP: 14/36 MP: 2/2
   938 | D:2      | Found a runed translucent door.
   939 | D:2      | Noticed Crazy Yiuf
   943 | D:2      | Reached skill level 5 in Fighting
   943 | D:2      | Reached skill level 9 in Unarmed Combat
   943 | D:2      | Reached XP level 4. HP: 52/52 MP: 3/3
   944 | D:2      | Reached skill level 11 in Unarmed Combat
   944 | D:2      | Reached XP level 5. HP: 62/62 MP: 4/4
   950 | D:2      | Killed Crazy Yiuf
  1474 | D:3      | Reached XP level 6. HP: 69/71 MP: 5/5
  1667 | D:3      | Found a stormy altar of Qazlal.
  2210 | D:4      | Reached skill level 5 in Dodging
  2456 | D:4      | Noticed an orc warrior
  2464 | D:4      | Killed an orc warrior
  2465 | D:4      | Reached XP level 7. HP: 72/78 MP: 6/6
  2554 | D:5      | Entered Level 5 of the Dungeon
  2554 | D:5      | Noticed Sigmund
  2556 | D:5      | Killed Sigmund
  2711 | D:5      | Identified the amulet "Soebets" {Acrobat Harm rN+ Str+3}
  2754 | D:5      | Reached XP level 8. HP: 81/87 MP: 7/7
  2755 | D:5      | Reached skill level 12 in Unarmed Combat
  3947 | D:6      | Reached XP level 9. HP: 78/93 MP: 8/8
  3991 | D:6      | Found a sparkling altar of Nemelex Xobeh.
  4589 | D:7      | Reached skill level 13 in Unarmed Combat
  4620 | D:7      | Found a staircase to the Ecumenical Temple.
  4628 | Temple   | Entered the Ecumenical Temple
  4642 | Temple   | Became a worshipper of Warmaster Okawaru
  4642 | Temple   | Reached * piety under Okawaru
  4642 | Temple   | Reached ** piety under Okawaru
  5021 | D:7      | Found an ornate altar of the Wu Jian Council.
  5344 | D:8      | Reached *** piety under Okawaru
  5473 | D:8      | Found a blossoming altar of Fedhas.
  5474 | D:8      | Found an ancient bone altar of Kikubaaqudgha.
  5510 | D:8      | Reached skill level 14 in Unarmed Combat
  6068 | D:9      | Reached XP level 10. HP: 87/102 MP: 9/9
  6442 | D:9      | Reached **** piety under Okawaru
  6742 | D:9      | Found a burning altar of Makhleb.
  6827 | D:10     | Entered Level 10 of the Dungeon
  6839 | D:10     | Found a staircase to the Lair.
  6874 | D:10     | Noticed a two-headed ogre
  6880 | D:10     | Killed a two-headed ogre
  7002 | D:10     | Reached ***** piety under Okawaru
  7010 | D:10     | Reached skill level 15 in Unarmed Combat
  7085 | D:10     | Found a runed translucent gate.
  7085 | D:10     | Found a runed translucent gate.
  7085 | D:10     | Found a runed translucent gate.
  7088 | D:10     | Noticed a spectral wolf spider
  7089 | D:10     | Noticed a spectral centaur warrior
  7089 | D:10     | Noticed a spectral centaur warrior
  7096 | D:10     | Noticed Oxelix's ghost (journeyman DjFE)
  7629 | Lair:1   | Entered Level 1 of the Lair of Beasts
  7629 | Lair:1   | Noticed an oklob plant
  7748 | Lair:1   | Killed an oklob plant
  7760 | Lair:1   | Noticed Gastronok
  7774 | Lair:1   | Killed Gastronok
  7775 | Lair:1   | Reached skill level 16 in Unarmed Combat
  7775 | Lair:1   | Reached XP level 11. HP: 81/109 MP: 4/10
  8529 | Lair:2   | Received a gift from Okawaru
  8530 | Lair:2   | Reached skill level 1 in Invocations
  8695 | Lair:2   | Found a staircase to the Shoals.
  8718 | Lair:2   | Identified the +1 glaive of the Morning {drain, Str+6
                  | Dex-2} (Okawaru gifted it to you on level 2 of the Lair of
                  | Beasts)
  8718 | Lair:2   | Received a gift from Okawaru
  8719 | Lair:2   | Reached skill level 17 in Unarmed Combat
  8987 | Lair:2   | Learned a level 2 spell: Passwall
  8990 | Lair:2   | Learned a level 2 spell: Wereblood
  9060 | Lair:2   | Noticed Urug
  9070 | Lair:2   | Killed Urug
  9071 | Lair:2   | Reached skill level 5 in Invocations
  9071 | Lair:2   | Reached XP level 12. HP: 89/118 MP: 14/14
  9518 | Lair:3   | Found a staircase to the Snake Pit.
  9720 | Lair:3   | Noticed Amaemon
  9731 | Lair:3   | Killed Amaemon
  9732 | Lair:3   | Reached skill level 18 in Unarmed Combat
  9743 | Lair:3   | Identified the +5 giant club "Liuhoi Zunto" {heavy, rF+
                  | Will++} (Okawaru gifted it to you on level 3 of the Lair of
                  | Beasts)
  9743 | Lair:3   | Received a gift from Okawaru
  9884 | Lair:3   | Noticed Snorg
  9897 | Lair:3   | Killed Snorg
 10210 | Lair:4   | Identified a scroll of acquirement
 10210 | Lair:4   | Acquired the +6 gold dragon scales of Parlour Games {rElec
                  | rPois rF+ rC+ Str+4 Dex+2 Stlth+}
 10336 | Lair:4   | Found a viscous altar of Jiyva.
 10336 | Lair:4   | Found a staircase to the Slime Pits.
 10392 | Lair:4   | Reached skill level 1 in Armour
 10444 | Lair:4   | Identified the +0 acid dragon scales "Yrchah" {rCorr Int+6}
                  | (Okawaru gifted it to you on level 4 of the Lair of Beasts)
 10444 | Lair:4   | Received a gift from Okawaru
 10482 | Lair:4   | Identified the +10 sling of Igerghua {flame, Str+4}
 10750 | Lair:4   | Reached skill level 1 in Evocations
 10959 | Lair:5   | Entered Level 5 of the Lair of Beasts
 11100 | Lair:5   | Reached skill level 19 in Unarmed Combat
 11133 | Lair:5   | Reached XP level 13. HP: 115/124 MP: 15/15
 11372 | Lair:5   | Identified the ring "Utaskotaph" {rPois rN+++ Will- Int+6
                  | Dex-4}
 11455 | Lair:5   | Reached skill level 5 in Armour
 11522 | Lair:5   | Received a gift from Okawaru
 11622 | Lair:5   | Reached ****** piety under Okawaru
 12227 | D:10     | Killed Oxelix's ghost
 12591 | D:11     | Found a staircase to the Orcish Mines.
 12740 | D:11     | Noticed Nergalle
 12750 | D:11     | Killed Nergalle
 12759 | D:11     | Reached skill level 20 in Unarmed Combat
 12865 | D:11     | Received a gift from Okawaru
 13361 | D:12     | Found Geconi's Weapon Emporium.
 13378 | D:12     | Reached XP level 14. HP: 120/133 MP: 16/16
 13436 | D:12     | You fall into a shaft and drop 1 floor!
 13743 | D:12     | Received a gift from Okawaru
 14480 | D:14     | Found Kellonan's Weapon Emporium.
 14663 | D:14     | Received a gift from Okawaru
 14737 | D:14     | Reached skill level 21 in Unarmed Combat
 15125 | D:14     | Identified the +4 giant spiked club of Foul Odours {heavy,
                  | rC+++ Will- rCorr Str-3} (Okawaru gifted it to you on level
                  | 14 of the Dungeon)
 15125 | D:14     | Received a gift from Okawaru
 15462 | D:14     | Got Howouma's Writings on Spelunking and Shapeshifting
 15625 | D:14     | Found a gate to the Vaults.
 15767 | D:14     | Found an iron altar of Okawaru.
 15893 | D:15     | Entered Level 15 of the Dungeon
 16032 | D:15     | Found a staircase to the Depths.
 16196 | D:15     | Noticed Kirke
 16206 | D:15     | Killed Kirke
 16448 | D:15     | Reached skill level 10 in Armour
 16448 | D:15     | Reached XP level 15. HP: 67/140 MP: 17/17
 16577 | D:15     | Received a gift from Okawaru
 17184 | Orc:1    | Entered Level 1 of the Orcish Mines
 17318 | Orc:1    | Found a runed translucent door.
 17450 | Orc:1    | Received a gift from Okawaru
 17792 | Orc:2    | Entered Level 2 of the Orcish Mines
 18536 | Orc:2    | Found a staircase to the Elven Halls.
 18552 | Orc:2    | Reached skill level 22 in Unarmed Combat
 18702 | Orc:2    | Found Ylill's Antique Armour Shoppe.
 18702 | Orc:2    | Found Labe's Armour Emporium.
 18702 | Orc:2    | Found Senlask's Jewellery Emporium.
 18760 | Orc:2    | Found Xamajubu's Armour Emporium.
 18780 | Orc:2    | Bought a +2 kite shield of protection for 301 gold pieces
 18914 | Orc:2    | Reached skill level 1 in Shields
 19037 | Elf:1    | Entered Level 1 of the Elven Halls
 19147 | Elf:1    | Paralysed by an air elemental for 1 turns
 19153 | Elf:1    | Paralysed by an air elemental for 1 turns
 19158 | Elf:1    | Paralysed by an air elemental for 1 turns
 19167 | Elf:1    | Identified the +0 tower shield of Pessimism {Regen+}
                  | (Okawaru gifted it to you on level 1 of the Elven Halls)
 19167 | Elf:1    | Received a gift from Okawaru
 19205 | Elf:1    | Identified the +1 falchion of Nosoept {elec, rCorr Int+2
                  | Dex+7 SInv}
 19209 | Elf:1    | Identified the +5 war axe "Meterizi" {heavy, Str+3}
 19498 | Elf:1    | Got the Almanac of Cadavers
 19673 | Elf:1    | Reached XP level 16. HP: 146/149 MP: 18/18
 19716 | Elf:1    | Identified the ring of the Durable God {rCorr Stlth+}
 19961 | Elf:2    | Reached skill level 5 in Shields
 19962 | Elf:2    | Received a gift from Okawaru
 20167 | Elf:2    | Found an ancient bone altar of Kikubaaqudgha.
 20278 | Elf:2    | Identified the +7 falchion of Extremism {freeze, rC+++
                  | Will- Int-2 Dex+4}
 20305 | Elf:2    | Found a runed translucent gate.
 20305 | Elf:2    | Found a runed translucent gate.
 20313 | Elf:2    | Found a runed translucent gate.
 20452 | Elf:2    | Reached skill level 23 in Unarmed Combat
 20456 | Elf:2    | Identified the +9 rapier "Pohous" {elec, Fragile Str+5}
                  | (Okawaru gifted it to you on level 2 of the Elven Halls)
 20456 | Elf:2    | Received a gift from Okawaru
 20751 | Elf:3    | Entered Level 3 of the Elven Halls
 20893 | Elf:3    | Found Xal Oss's Overcharged Wands.
 21038 | Elf:3    | Received a gift from Okawaru
 21077 | Elf:3    | Reached skill level 10 in Shields
 21182 | Elf:3    | Received a gift from Okawaru
 21231 | Abyss:2  | Cast into level 2 of the Abyss (a deep elf demonologist)
 21353 | Abyss:2  | Noticed a tentacled starspawn
 21367 | Abyss:2  | Killed a tentacled starspawn
 21368 | Abyss:2  | Reached XP level 17. HP: 124/140 MP: 19/19
 21528 | Elf:3    | Escaped the Abyss
 21634 | Elf:3    | Noticed a Hell Sentinel
 21636 | Elf:3    | Noticed a Brimstone Fiend
 21855 | Snake:1  | Entered Level 1 of the Snake Pit
 21988 | Snake:1  | Found a runed translucent gate.
 21988 | Snake:1  | Found a runed translucent gate.
 21988 | Snake:1  | Found a runed translucent gate.
 21988 | Snake:1  | Found an opulent altar of Gozag.
 21989 | Snake:1  | Noticed Syrassil's ghost (adept OgFi)
 22952 | Snake:2  | Found a shimmering altar of Xom.
 23002 | Snake:2  | HP: 4/156 [naga warrior/+0 long sword (25)]
 23154 | Snake:2  | Acquired 1283 gold pieces
 23481 | Snake:2  | Noticed Vashnia
 23495 | Snake:2  | Killed Vashnia
 23495 | Snake:2  | Received a gift from Okawaru
 24455 | Snake:4  | Entered Level 4 of the Snake Pit
 24458 | Snake:4  | Noticed Aizul
 24473 | Snake:4  | Killed Aizul
 24495 | Snake:4  | Received a gift from Okawaru
 24599 | Snake:4  | Found a hide-covered altar of Uskayaw.
 25109 | Snake:4  | Identified the +0 hat of Okawaru's Outrage {-Tele Dex+4
                  | Slay+2 SInv} (Okawaru gifted it to you on level 4 of the
                  | Snake Pit)
 25109 | Snake:4  | Received a gift from Okawaru
 25110 | Snake:4  | Reached skill level 15 in Shields
 25120 | Snake:4  | Reached XP level 18. HP: 136/165 MP: 20/20
 25889 | Snake:4  | Identified the +6 tower shield of Midwinter {Drain rElec
                  | rPois Stlth+}
 25889 | Snake:4  | Noticed Louise
 25939 | Snake:4  | Killed Louise
 26277 | Snake:4  | Got a serpentine rune of Zot
 26527 | Snake:1  | Killed Syrassil's ghost
 26608 | Snake:1  | Reached XP level 19. HP: 171/171 MP: 21/21
 26950 | Elf:3    | Reached skill level 5 in Throwing
 27010 | Elf:3    | Identified the +9 morningstar of Radicalism {freeze, Int+3}
 27022 | Elf:3    | Identified the +9 sling of Akeg {drain, +Blink Dex+2}
                  | (Okawaru gifted it to you on level 3 of the Elven Halls)
 27022 | Elf:3    | Received a gift from Okawaru
 27029 | Elf:3    | Noticed Mara
 27230 | Elf:3    | Reached skill level 15 in Armour
 27360 | Elf:3    | Killed Mara
 27494 | Elf:3    | Identified the +1 leather armour of Trumpets {rN+ Int+2
                  | SInv}
 27556 | Elf:3    | Identified the ring of Lust {+Blink rElec Int+4 Dex+6 SInv}
 27561 | Elf:3    | Identified the ring "Linaapliucw" {rPois Int+6}
 27588 | Elf:3    | Identified the ring of Tubbida {rPois rN++ Int+6 Dex+4
                  | Stlth-}
 27912 | Orc:2    | Bought the ring of the King {rElec rPois rC+ EV+5 Stlth-}
                  | for 837 gold pieces
 28116 | Vaults:1 | Entered Level 1 of the Vaults
 28256 | Vaults:1 | Received a gift from Okawaru
 28265 | D:14     | Reached XP level 20. HP: 180/180 MP: 24/24
 28333 | Vaults:1 | Identified the +0 quarterstaff of Mandamus {freeze, Fragile
                  | rF+ rN++ Will- Stlth+} (Okawaru gifted it to you on level 1
                  | of the Vaults)
 28333 | Vaults:1 | Received a gift from Okawaru
 28335 | Vaults:1 | Paralysed by a great orb of eyes for 2 turns
 28901 | Vaults:1 | Found Huesaah's Distillery.
 28926 | Vaults:1 | Bought a potion of heal wounds for 85 gold pieces
 28926 | Vaults:1 | Bought a potion of heal wounds for 85 gold pieces
 28926 | Vaults:1 | Bought a potion of curing for 51 gold pieces
 28926 | Vaults:1 | Bought a potion of might for 68 gold pieces
 28926 | Vaults:1 | Bought a potion of invisibility for 136 gold pieces
 29589 | Vaults:2 | Identified the +9 war axe of the Loving Scorpion {spect,
                  | *Rage Int+9 Stlth+}
 29621 | Vaults:2 | Reached skill level 10 in Fighting
 29709 | Vaults:2 | Received a gift from Okawaru
 29904 | Vaults:2 | Found a portal to a secret trove of treasure.
 30037 | Vaults:2 | Reached skill level 5 in Evocations
 30263 | Vaults:2 | Noticed Bai Suzhen
 30266 | Vaults:2 | Received a gift from Okawaru
 30287 | Vaults:2 | Killed Bai Suzhen
 30372 | Vaults:2 | Received a gift from Okawaru
 30479 | Vaults:2 | Found a staircase to the Crypt.
 30479 | Vaults:2 | Found an ancient bone altar of Kikubaaqudgha.
 30521 | Vaults:2 | Reached skill level 1 in Maces & Flails
 30528 | Vaults:2 | Found a basalt altar of Yredelemnul.
 30529 | Abyss:2  | Cast into level 2 of the Abyss (a wizard)
 30551 | Abyss:2  | Found a corrupted altar of Lugonu.
 30968 | Abyss:2  | Reached XP level 21. HP: 198/198 MP: 26/26
 31023 | Abyss:2  | Reached skill level 5 in Maces & Flails
 31038 | Vaults:2 | Escaped the Abyss
 31332 | Vaults:2 | Found Vubaek's Magic Scroll Emporium.
 31340 | Vaults:2 | Bought a scroll of fog for 56 gold pieces
 31340 | Vaults:2 | Bought a scroll of teleportation for 42 gold pieces
 31425 | Crypt:1  | Entered Level 1 of the Crypt
 31675 | Crypt:1  | Identified the +0 flail of Infection {spect, Fly rElec
                  | rPois rC+} (Okawaru gifted it to you on level 1 of the
                  | Crypt)
 31675 | Crypt:1  | Received a gift from Okawaru
 32400 | Crypt:2  | Noticed Vv
 32421 | Crypt:2  | Killed Vv
 32911 | Crypt:2  | Reached skill level 10 in Maces & Flails
 32942 | Crypt:2  | Received a gift from Okawaru
 33024 | Crypt:2  | Identified the ring of Compulsion {Ice rN+ Will- Dex+4}
 33024 | Crypt:2  | Noticed Josephina
 33024 | Crypt:2  | Identified the +0 ring mail "Puxipp" {Str-4 Int+3 Dex+3}
 33029 | Crypt:2  | Noticed Boris
 33256 | Crypt:2  | Killed Josephina
 33328 | Crypt:2  | Identified the +1 robe of the Albatross {rElec rN+ MP+9
                  | Dex+2} (Okawaru gifted it to you on level 2 of the Crypt)
 33328 | Crypt:2  | Received a gift from Okawaru
 33332 | Crypt:2  | Identified the +6 flail of Dishonesty {heavy, rPois}
 33355 | Crypt:2  | Identified the +8 lajatang of Uvaahuf {heavy, rPois MP+9
                  | Int-4}
 33755 | Crypt:2  | Killed Boris
 33811 | Crypt:2  | Identified the +2 flail of Guile {freeze, rF+++ Str+3
                  | Int+6}
 34024 | Vaults:3 | Upgraded the game from 0.30-a0-709-gcdc1b43e22 to
                  | 0.30-a0-715-gdb4ae3ece1
 34293 | Lair:1   | Gained mutation: Your flesh is heat resistant. (rF+)
                  | [potion of mutation]
 34293 | Lair:1   | Gained mutation: You are strong-willed. (Will+) [potion of
                  | mutation]
 34529 | Vaults:3 | You fall into a shaft and drop 1 floor!
 34545 | Vaults:4 | Noticed Margery
 34563 | Vaults:4 | Killed Margery
 34790 | Vaults:4 | Reached XP level 22. HP: 190/206 MP: 27/27
 34845 | Vaults:4 | Found a runed translucent door.
 34845 | Vaults:4 | Noticed Dasi's ghost (adept SpEn)
 34858 | Vaults:4 | Killed Dasi's ghost
 34860 | Vaults:4 | Identified the +4 chain mail of the Echidna {rN+}
 34871 | Vaults:4 | Noticed Boris
 34881 | Vaults:4 | Killed Boris
 35259 | Vaults:3 | Received a gift from Okawaru
 35508 | Vaults:3 | Received a gift from Okawaru
 35904 | Vaults:3 | Found Tokkiume's Magic Scroll Boutique.
 35907 | Vaults:3 | Bought a scroll of teleportation for 51 gold pieces
 35907 | Vaults:3 | Bought a scroll of enchant weapon for 127 gold pieces
 35907 | Vaults:3 | Bought a scroll of fog for 68 gold pieces
 36435 | Vaults:3 | Acquired the amulet of Timmirey {RegenMP Will+ Regen+ Int+2
                  | Dex-4}
 36544 | Vaults:4 | Received a gift from Okawaru
 36544 | Vaults:4 | Found the +3 robe of Clouds {*Thunder rCloud rElec}
 36623 | Vaults:4 | Noticed Xtahua
 36631 | Vaults:4 | Killed Xtahua
 36696 | Vaults:4 | Found a huge runed gate.
 36696 | Vaults:4 | Found a huge runed gate.
 36696 | Vaults:4 | Found a huge runed gate.
 36696 | Vaults:4 | Found a huge runed gate.
 36696 | Vaults:4 | Found a huge runed gate.
 36696 | Vaults:4 | Found a huge runed gate.
 36697 | Vaults:4 | Found a huge runed gate.
 36697 | Vaults:4 | Found a huge runed gate.
 36697 | Vaults:4 | Found a huge runed gate.
 36697 | Vaults:4 | Found a huge runed gate.
 36697 | Vaults:4 | Found a huge runed gate.
 36698 | Vaults:4 | Found a huge runed gate.
 36699 | Vaults:4 | Found a huge runed gate.
 36700 | Vaults:4 | Found a huge runed gate.
 36701 | Vaults:4 | Found a huge runed gate.
 36702 | Vaults:4 | Found a huge runed gate.
 36710 | Vaults:4 | Found a huge runed gate.
 36710 | Vaults:4 | Found a huge runed gate.
 36710 | Vaults:4 | Found a huge runed gate.
 36710 | Vaults:4 | Found a huge runed gate.
 36710 | Vaults:4 | Found a huge runed gate.
 36710 | Vaults:4 | Found a huge runed gate.
 36711 | Vaults:4 | Found a huge runed gate.
 36712 | Vaults:4 | Found a huge runed gate.
 36713 | Vaults:4 | Found a huge runed gate.
 36723 | Vaults:4 | Found a huge runed gate.
 36723 | Vaults:4 | Found a huge runed gate.
 36723 | Vaults:4 | Found a huge runed gate.
 36723 | Vaults:4 | Found a huge runed gate.
 36723 | Vaults:4 | Found a huge runed gate.
 36723 | Vaults:4 | Found a huge runed gate.
 36724 | Vaults:4 | Found a huge runed gate.
 36725 | Vaults:4 | Found a huge runed gate.
 36726 | Vaults:4 | Found a huge runed gate.
 36734 | Vaults:4 | Found a huge runed gate.
 36734 | Vaults:4 | Found a huge runed gate.
 36916 | Vaults:4 | Noticed a dread lich
 37051 | Vaults:4 | Killed a dread lich
 37659 | Depths:1 | Entered Level 1 of the Depths
 37986 | Depths:1 | Found Teurrudwoq's Firing Range.
 38296 | Depths:1 | Found a gateway to Hell.
 38617 | Depths:1 | Received a gift from Okawaru
 38755 | Depths:1 | Got Sif Muna's Codex of Burning
 38757 | Depths:1 | Got the Encyclopedia of the Bonfire and Minerals
 38763 | Depths:1 | Learned a level 4 spell: Passage of Golubria
 38769 | Depths:1 | Learned a level 5 spell: Lee's Rapid Deconstruction
 39279 | Vaults:5 | Entered Level 5 of the Vaults
 39283 | Vaults:5 | Reached XP level 23. HP: 201/214 MP: 26/28
 39286 | Vaults:5 | Identified the +7 morningstar of Disaster {freeze, rCorr
                  | Dex+3} (Okawaru gifted it to you on level 5 of the Vaults)
 39286 | Vaults:5 | Received a gift from Okawaru
 39611 | Vaults:5 | Identified the +8 quick blade "Realiale" {heavy, *Rage
                  | rPois rN+}
 39638 | Vaults:5 | Noticed a dread lich
 39708 | Vaults:4 | Received a gift from Okawaru
 39841 | Vaults:5 | Received a gift from Okawaru
 39939 | Vaults:5 | Identified the +4 giant club of the Warrior-Mage {venom,
                  | rCorr} (Okawaru gifted it to you on level 5 of the Vaults)
 39939 | Vaults:5 | Received a gift from Okawaru
 40413 | Vaults:5 | Identified the +4 chain mail of Wrong Decisions {rPois rF+
                  | rCorr Int+3}
 40422 | Vaults:5 | Killed a dread lich
 40423 | Vaults:5 | Reached skill level 10 in Invocations
 40549 | Vaults:5 | Received a gift from Okawaru
 40863 | Vaults:5 | Identified the +6 shortbow of Vuol {freeze, rCorr Str-4
                  | Dex+3}
 41089 | Vaults:5 | Got a silver rune of Zot
 41253 | Vaults:5 | Noticed Sojobo
 41265 | Vaults:5 | Paralysed by an air elemental for 1 turns
 41273 | Vaults:5 | Killed Sojobo
 41973 | Lair:1   | Acquired a manual of Fighting
 42162 | Depths:2 | Found a hide-covered altar of Uskayaw.
 42165 | Depths:2 | Noticed Boris
 42210 | Depths:2 | Received a gift from Okawaru
 42240 | Depths:2 | Reached XP level 24. HP: 202/213 MP: 29/29
 42619 | Depths:2 | Noticed the Enchantress
 42634 | Depths:2 | Identified the +7 morningstar of Lywkisun {flame, Dex+2
                  | SInv} (Okawaru gifted it to you on level 2 of the Depths)
 42634 | Depths:2 | Received a gift from Okawaru
 42646 | Depths:2 | Killed the Enchantress
 43149 | Depths:2 | Found a one-way gate leading to the halls of Pandemonium.
 43738 | Depths:3 | Found a one-way gate to the infinite horrors of the Abyss.
 43794 | Depths:3 | Paralysed by a floating eye for 2 turns
 43802 | Depths:3 | Paralysed by a floating eye for 2 turns
 43814 | Depths:3 | Identified the +1 tower shield "Demoebori" {rN+} (Okawaru
                  | gifted it to you on level 3 of the Depths)
 43814 | Depths:3 | Received a gift from Okawaru
 43834 | Depths:3 | Paralysed by a floating eye for 3 turns
 43842 | Depths:3 | Found a runed translucent gate.
 43842 | Depths:3 | Found a runed translucent gate.
 43842 | Depths:3 | Found a runed translucent gate.
 43929 | Depths:3 | Found a runed translucent gate.
 43929 | Depths:3 | Found a runed translucent gate.
 43929 | Depths:3 | Found a runed translucent gate.
 44575 | Depths:3 | Reached skill level 15 in Fighting
 44702 | Depths:4 | Entered Level 4 of the Depths
 44820 | Depths:4 | Found a one-way gateway to a ziggurat.
 44955 | Depths:4 | Learned a level 1 spell: Apportation
 45149 | Depths:4 | Reached skill level 10 in Dodging
 45391 | Depths:3 | Received a gift from Okawaru
 45682 | Depths:4 | Received a gift from Okawaru
 45709 | Depths:4 | Found a gate to the Realm of Zot.
 46224 | Depths:2 | Killed Boris
 46225 | Depths:2 | Reached XP level 25. HP: 195/244 MP: 21/29
 46574 | Shoals:1 | Entered Level 1 of the Shoals
 46589 | Shoals:1 | Found a transporter.
 46601 | Shoals:1 | Found a transporter.
 46604 | Shoals:1 | Found a transporter.
 46609 | Shoals:1 | Found a transporter.
 46609 | Shoals:1 | Found a transporter.
 46615 | Shoals:1 | Found a transporter.
 46688 | Shoals:1 | Found Paetaid's Magic Scroll Shop.
 46698 | Shoals:1 | Bought a scroll of acquirement for 936 gold pieces
 46698 | Shoals:1 | Bought a scroll of teleportation for 54 gold pieces
 46712 | Shoals:1 | Acquired the ring "Niggunto" {+Blink rPois rF++ rCorr
                  | Int-4}
 46894 | Shoals:1 | Received a gift from Okawaru
 47500 | Shoals:2 | Received a gift from Okawaru
 47895 | Shoals:3 | Found Ufaxeyw's Armour Boutique.
 47899 | Shoals:3 | Noticed Donald
 47916 | Shoals:3 | Killed Donald
 48323 | Shoals:4 | Entered Level 4 of the Shoals
 48368 | Shoals:4 | Identified the ring "Yrerurro" {Wiz Int+4}
 48443 | Shoals:4 | Identified the ring "Yruetz" {Wiz rC+ rCorr}
 48639 | Shoals:4 | Got a barnacled rune of Zot
 48712 | Shoals:4 | Found Noept's Antique Armour Shop.
 48939 | Shoals:4 | Found a runed translucent door.
 49563 | Slime:1  | Entered Level 1 of the Pits of Slime
 49585 | Slime:1  | Gained mutation: You are frail. (-10% HP) [a shining eye]
 50098 | Slime:2  | Received a gift from Okawaru
 51354 | Zot:1    | Entered Level 1 of the Realm of Zot
 51628 | Lair:1   | Lost mutation: You are strong-willed. (Will+) [potion of
                  | mutation]
 51628 | Lair:1   | Lost mutation: You are frail. (-10% HP) [potion of
                  | mutation]
 51628 | Lair:1   | Gained mutation: You have hidden genetic potential. [potion
                  | of mutation]
 51628 | Lair:1   | Gained mutation: You are occasionally teleported next to
                  | monsters. [potion of mutation]
 51629 | Lair:1   | Lost mutation: Your flesh is heat resistant. (rF+) [potion
                  | of mutation]
 51629 | Lair:1   | Lost mutation: You have hidden genetic potential. [potion
                  | of mutation]
 51629 | Lair:1   | Gained mutation: You are dopey. (Int -2) [potion of
                  | mutation]
 51629 | Lair:1   | Gained mutation: You are partially covered in iridescent
                  | scales. (AC +2) [potion of mutation]
 51630 | Lair:1   | Lost mutation: You are dopey. (Int -2) [potion of mutation]
 51630 | Lair:1   | Lost mutation: You are partially covered in iridescent
                  | scales. (AC +2) [potion of mutation]
 51630 | Lair:1   | Lost mutation: You are occasionally teleported next to
                  | monsters. [potion of mutation]
 51630 | Lair:1   | Gained mutation: You have hidden genetic defects. [potion
                  | of mutation]
 51630 | Lair:1   | Gained mutation: You are weak. (Str -2) [potion of
                  | mutation]
 51631 | Lair:1   | Lost mutation: You have hidden genetic defects. [potion of
                  | mutation]
 51631 | Lair:1   | Lost mutation: You are weak. (Str -2) [potion of mutation]
 51631 | Lair:1   | Gained mutation: You are clumsy. (Dex -2) [potion of
                  | mutation]
 51632 | Lair:1   | Lost mutation: You are clumsy. (Dex -2) [potion of
                  | mutation]
 51632 | Lair:1   | Gained mutation: Your magical capacity is low. (-10% MP)
                  | [potion of mutation]
 51632 | Lair:1   | Gained mutation: You have large cloven feet. [potion of
                  | mutation]
 52319 | Zot:1    | You fall into a shaft and drop 1 floor!
 53048 | Zot:2    | Reached XP level 26. HP: 219/265 MP: 26/26
 53227 | Zot:2    | Identified the +8 arbalest of Isobb {freeze, rN+ Int+4
                  | Dex-4}
 53710 | Zot:3    | Identified the +1 hat of Dim Light {Slay+2} (Okawaru gifted
                  | it to you on level 3 of the Realm of Zot)
 53710 | Zot:3    | Received a gift from Okawaru
 55324 | Zot:4    | Identified the +1 flail of the Fray {chaos, rF+ Int+2}
 55434 | Zot:5    | Entered Level 5 of the Realm of Zot
 55785 | Zot:5    | Noticed an orb of fire
 55786 | Zot:5    | Gained mutation: You are vulnerable to heat. (rF-) [an orb
                  | of fire]
 55794 | Zot:4    | Lost mutation: You are vulnerable to heat. (rF-) [potion of
                  | mutation]
 55794 | Zot:4    | Lost mutation: You have large cloven feet. [potion of
                  | mutation]
 55794 | Zot:4    | Lost mutation: Your magical capacity is low. (-10% MP)
                  | [potion of mutation]
 55794 | Zot:4    | Gained mutation: You are partially covered in iridescent
                  | scales. (AC +2) [potion of mutation]
 55794 | Zot:4    | Gained mutation: Your spells are a little harder to cast,
                  | but a little more powerful. [potion of mutation]
 55805 | Zot:5    | Killed an orb of fire
 55952 | Zot:5    | Noticed an orb of fire
 55960 | Zot:5    | Noticed an orb of fire
 55977 | Zot:5    | Killed an orb of fire
 55990 | Zot:5    | Killed an orb of fire
 56057 | Zot:5    | Noticed a dread lich
 56078 | Zot:5    | Received a gift from Okawaru
 56093 | Zot:5    | Killed a dread lich
 56546 | Zot:5    | Got the Orb of Zot
 56548 | Zot:5    | Noticed an ancient lich
 56559 | Zot:5    | Noticed an orb of fire
 56562 | Zot:5    | Lost mutation: Your spells are a little harder to cast, but
                  | a little more powerful. [an orb of fire]
 56573 | Zot:5    | Reached XP level 27. HP: 216/291 MP: 29/29
 56574 | Zot:5    | Gained mutation: Armour fits poorly on your strangely
                  | shaped body. [an orb of fire]
 56730 | Depths:4 | Noticed Boris
 57088 | D:7      | Noticed Aneotizo the pandemonium lord
 57197 | D:$      | Escaped with the Orb!

Illustrated notes

Levels and vault maps discovered:
D:1:      dpeg_arrival_rooms_a, layout_basic, hellmonk_ecumenical_altar_run_dry
D:2:      layout_rooms, uniq_crazy_yiuf_cottage
D:3:      kennysheep_slugbush, layout_rooms, lemuel_tele_altar, minivault_19
D:4:      minmay_skewed_foursquare, layout_loops_ring
D:5:      layout_cave_pods, uniq_sigmund
D:6:      layout_basic, nemelex_xobeh_ov_fountains_minmay, st_stairs_13
D:7:      layout_basic, mainiacjoe_overflow_chevrons,
          minmay_temple_entry_statues_pillars
D:8:      layout_gridville, grunt_temple_overflow_growth_and_decay,
          serial_bayou_pond_e
D:9:      layout_basic, lemuel_round_altar
D:10:     layout_roguey, lair_entry_dummy, gammafunk_ghost_necromancy,
          small_chamber_with_monster, minmay_misc_feat_iff
D:11:     minmay_inside_and_out, layout_loops_ring, minmay_orc_entry_guard_dogs,
          uniq_nergalle
D:12:     layout_loops_cross, serial_shops, nicolae_shop_bloodbath_and_beyond
D:13:     layout_irregular_city
D:14:     cheibrodos_ideogram_h, layout_basic, david_vaults_1, serial_shops,
          nicolae_diamond_shop, minmay_misc_feat_roman,
          okawaru_altar_gauntlet_db
D:15:     grunt_enter_depths_hoard, layout_basic, nooodl_orcs_dogs, uniq_kirke
Temple:   eino_temple_rhombus
Lair:1:   layout_chaotic_city, grunt_megastairs_1, uniq_gastronok
Lair:2:   layout_hall_layers, minmay_shoals_entry_beasts, uniq_urug
Lair:3:   layout_regular_city, nicolae_snake_entry_warm_welcome, st_stairs_11,
          lemuel_old_faithful, lemuel_fruit_tree, uniq_snorg, uniq_amaemon
Lair:4:   layout_cave_pods, slime_entry_1, chequers_serial_rivers_room_b
Lair:5:   minmay_lair_end_enchanted_forest, layout_loops_ring,
          kennysheep_rathole
Shoals:1: layout_shoals, serial_shops, shop, serial_nicolae_subway,
          nicolae_sub_station_stone, nicolae_sub_station_metal,
          nicolae_sub_station_crystal
Shoals:2: layout_shoals, st_sunken_temple
Shoals:3: layout_shoals, serial_shops, nicolae_lakefront_shop, uniq_donald
Shoals:4: shoals_end_hangedman, layout_shoals, serial_shops, shop,
          lightli_airlock
Snake:1:  layout_grid_maze, ebering_ghost_gozag, grunt_ministairs_4
Snake:2:  layout_cave_town, basic_altar, uniq_vashnia
Snake:3:  layout_misc_corridors, serial_bayou_shore_b
Snake:4:  snake_pit_salamanders_mu, layout_basic, abandoned_shop,
          lemuel_oklob_altar, serial_bayou_shore_b, serial_bayou_shore_a,
          uniq_aizul, uniq_louise
Slime:1:  layout_caves
Slime:2:  layout_caves
Slime:3:  layout_caves
Slime:4:  layout_caves, nicolae_slime_barrier
Orc:1:    layout_diamond_mine, lightli_church_of_beogh
Orc:2:    st_orc_pillars, layout_diamond_mine
Elf:1:    layout_rooms, kennysheep_underground_church, st_stairs_7
Elf:2:    nicolae_elf_blades_splatter_lattice
          [nicolae_blade_entry_area_security], layout_rooms, basic_altar
Elf:3:    minmay_elf_hall_four_x, layout_loops_ring,
          nicolae_elf_big_sculpture_1, nicolae_shop_overcharged_wands, uniq_mara
Vaults:1: ontoclasm_vaults_hangar, nicolae_vaults_twisting_passages,
          nicolae_vaults_network_star, nicolae_vaults_disjoint_gnomons,
          ontoclasm_vaults_ring_large, v_misc_29, hangedman_vaults_variations,
          vaults_room_hallway, hangedman_vaults_snaps, vaults_dpeg_diagonal,
          layout_vaults_omnibox, serial_shops, shop_statue
Vaults:2: dpeg_vaults_monster_row, minmay_crypt_entry_necro_gods,
          grunt_vaults_bifocal, hangedman_vaults_nails, vaults_room_corners,
          nicolae_vaults_meeting, v_misc_23, nicolae_vaults_network_periphery,
          dpeg_vaults_monster_box, hangedman_vaults_trim, vaults_dpeg_ring,
          layout_vaults_maze_snakey, serial_shops,
          nicolae_shop_temple_entry_statues_fountains,
          nicolae_trove_entry_free_sample, uniq_bai_suzhen
Vaults:3: nicolae_vaults_c_with_doors, grunt_vaults_diagonal,
          nicolae_vaults_little_squares_5, ontoclasm_vaults_hangar,
          nicolae_vaults_little_squares_1, vaults_dpeg_emergency_exit,
          layout_vaults_omnigrid, serial_shops, nicolae_shop_window_shopping
Vaults:4: gammafunk_ghost_grave, ontoclasm_vaults_twist, vaults_mumra_minichess,
          door_vault, ontoclasm_vaults_hangar, v_pattern_4,
          nicolae_vaults_yaktaur_gun_rack, hangedman_vaults_nails,
          hangedman_vaults_restitches, vaults_mumra_chevron,
          nicolae_vaults_little_squares_4, vaults_room_stairs_pillars,
          layout_vaults_omnicross, uniq_margery, uniq_xtahua
Vaults:5: uniq_sojobo
Crypt:1:  layout_chaotic_city, mu_enter_wizlab_3, grunt_megastairs_2
Crypt:2:  nicolae_crypt_knochenhaus, layout_misc_corridors,
          minmay_strange_pillars, uniq_josephina, uniq_boris, uniq_vv
Depths:1: cheibrodos_lost_city_excavation, layout_honeycomb,
          chequers_serial_rivers_small_b, grunt_hell_entry_dis_mu,
          nicolae_shop_firing_range
Depths:2: regret_index_uskayaw_diablada_macabre, layout_gridlike,
          dreamdust_wishing_well, grunt_mini_vestibule,
          grunt_pan_entry_in_and_out, infiniplex_staircase_x, uniq_enchantress
Depths:3: kennysheep_treasure_stockpile, layout_gridlike, pan_entry,
          reono_crystal_passage, hell_entry, abyss_entry,
          serial_co_window_serial, co_window_corner_a, co_window_paths_a,
          co_window_paths_b, co_window_corner_a, co_window_paths_b,
          co_window_unsneaky_path_a, co_window_broadway_b,
          co_window_unsneaky_path_c, co_window_corner_cb, glass_columns_a
Depths:4: grunt_zot_entry_alcove, layout_cave_pools, enter_ziggurat_a,
          hell_entry, serial_bayou_shore_b, chequers_serial_rivers_room_b
Zot:1:    layout_misc_corridors
Zot:2:    layout_gridville
Zot:3:    layout_onion
Zot:4:    layout_concentric_octagons
Zot:5:    layout_basic

Skill      XL: |  1  2  3  4  5  6  7  8  9 10 11 12 13 14 15 16 17 18 19 20 21 22 23 24 25 26 |
---------------+-------------------------------------------------------------------------------+-----
Fighting       | 5 7 10 15 20 | 20.0
Unarmed Combat | 9 11 12 14 16 17 19 20 21 22 23 | 23.0
Dodging        | 4 5 12 13 | 13.0
Invocations    | 5 7 8 10 | 10.9
Armour         | 3 7 10 11 12 14 15 19 20 | 20.0
Evocations     | 2 5 6 |  6.0
Shields        | 4 10 15 17 20 | 20.0
Throwing       | 4 5 8 |  8.0
Maces & Flails | 4 12 | 12.0
Stealth        | |  1.0

Action                     |  1- 3 |  4- 6 |  7- 9 | 10-12 | 13-15 | 16-18 | 19-21 | 22-24 | 25-27 || total
---------------------------+-------+-------+-------+-------+-------+-------+-------+-------+-------++-------
  Melee: Unarmed           |    86 |    97 |   197 |   378 |  1050 |  1109 |  1405 |  1830 |  1515 ||  7667
         Punch             |     1 |     4 |    13 |    38 |   101 |       |       |       |       ||   157
         Mace              |       |       |       |       |    11 |       |       |       |       ||    11
         Kick              |       |       |       |       |       |       |       |       |   298 ||   298
   Fire: Sling             |       |       |       |       |     2 |       |       |       |       ||     2
  Throw: Dart              |       |       |       |     1 |       |       |       |       |       ||     1
         Large rock        |       |       |       |       |       |     5 |       |     4 |       ||     9
         Javelin           |       |       |       |       |       |       |       |       |     1 ||     1
 Invoke: Heroism           |       |       |       |     3 |     1 |     2 |    10 |    20 |    17 ||    53
         Finesse           |       |       |       |     2 |       |     1 |     5 |     5 |     1 ||    14
  Evoke: Wand              |       |     1 |     4 |    12 |    21 |    11 |     9 |     4 |     5 ||    67
         Tin of tremorston |       |       |       |       |       |     2 |     2 |     2 |       ||     6
         Lightning rod     |       |       |       |       |       |       |       |     1 |       ||     1
         Condenser vane    |       |       |       |       |       |       |       |     1 |       ||     1
    Use: Potion            |     2 |     5 |     1 |     4 |     3 |     6 |     5 |     8 |    35 ||    69
         Scroll            |       |     8 |     9 |     4 |     9 |     9 |     8 |    17 |    22 ||    86
   Stab: Sleeping          |     3 |     3 |     2 |     3 |       |       |       |       |       ||    11
         Distracted        |       |       |       |       |       |       |     1 |       |       ||     1
         Petrified         |       |       |       |       |       |       |       |     1 |       ||     1
         Held in net/web   |       |       |       |       |       |       |       |       |     1 ||     1
 Armour: Robe              |    29 |    23 |    37 |    55 |       |       |       |       |       ||   144
         Gold dragon scale |       |       |       |    49 |   649 |   425 |   295 |   436 |   484 ||  2338
  Dodge: Dodged            |    45 |    34 |    73 |   102 |   223 |    92 |   145 |   290 |   516 ||  1520
  Block: Other             |     3 |    13 |    42 |    58 |   180 |       |       |       |       ||   296
         Reflection        |       |     3 |       |     4 |    32 |   124 |    74 |   100 |    42 ||   379
         Tower shield      |       |       |       |       |    43 |   463 |  1262 |  1934 |   473 ||  4175
         Kite shield       |       |       |       |       |    33 |   474 |       |       |   789 ||  1296

Table legend: (Time is in decaauts)
 A = Elapsed time spent in this place.
 B = Non-inter-level travel time spent in this place.
 C = Inter-level travel time spent in this place.
 D = Time resting spent in this place.
 E = Time spent auto-exploring this place.
 F = Levels seen in this place.
 G = Mean time per level.
                   A        B        C        D        E       F      G
               +--------+--------+--------+--------+--------+-----+--------+
         Total |  54766 |  48231 |   6535 |   1201 |  34260 |  56 |  978.0 |
       Dungeon |  14464 |  11753 |   2711 |      2 |   9667 |  15 |  964.3 |
        Temple |    192 |    181 |     11 |      0 |    162 |   1 |  192.0 |
          Lair |   4810 |   4199 |    611 |      0 |   3243 |   5 |  962.0 |
        Shoals |   2685 |   2557 |    128 |     15 |   1763 |   4 |  671.2 |
     Snake Pit |   4540 |   4342 |    198 |    188 |   3126 |   4 | 1135.0 |
    Slime Pits |   1347 |   1227 |    120 |     43 |    946 |   4 |  336.8 |
  Orcish Mines |   1993 |   1533 |    460 |      0 |   1071 |   2 |  996.5 |
   Elven Halls |   3185 |   2852 |    333 |    113 |   1681 |   3 | 1061.7 |
        Vaults |   7998 |   7216 |    782 |    432 |   4749 |   5 | 1599.6 |
         Crypt |   2313 |   2241 |     72 |      6 |   1617 |   2 | 1156.5 |
        Depths |   6058 |   5141 |    917 |    162 |   3353 |   4 | 1514.5 |
           Zot |   4417 |   4229 |    188 |    234 |   2406 |   5 |  883.4 |
         Abyss |    758 |    758 |      0 |      3 |    475 |   2 |  379.0 |
               +--------+--------+--------+--------+--------+-----+--------+

Top non-repeatable levels by time:
Depths:3: 2109 daAuts
Vaults:4: 2025 daAuts
    D:14: 1823 daAuts
 Snake:4: 1820 daAuts
Vaults:2: 1727 daAuts
Depths:1: 1725 daAuts
Vaults:5: 1677 daAuts
 Crypt:2: 1453 daAuts
   Elf:3: 1391 daAuts
Vaults:1: 1375 daAuts
    D:15: 1345 daAuts
   Orc:2: 1277 daAuts
    D:13: 1222 daAuts
Depths:2: 1215 daAuts
 Snake:1: 1203 daAuts
